 Dungeon Sprint DCSS version 0.30-a0-728-gc68057be0a (webtiles) character file.

Game seed: 11670743041794921866

4860 rocky1 the Bludgeoner (level 10, -1/88 HPs)
             Began as an Ogre Gladiator on Jan 31, 2023.
             Was the Champion of Cheibriados.
             Slain by an eight-headed hydra (6 damage)
             ... in the Dungeon (Sprint VII: "The Pits").
             The game lasted 00:03:27 (1560 turns).

rocky1 the Bludgeoner (Ogre Gladiator)              Turns: 1560, Time: 00:03:27

Health: -1/88      AC:  3    Str: 39    XL:     10   Next: 50%
Magic:  8/17       EV: 12    Int: 24    God:    Cheibriados [******]
Gold:   0          SH:  0    Dex: 31    Spells: 9/9 levels left

rFire   . . .      SeeInvis .    h - +2 dire flail (heavy)
rCold   . . .      Faith    .    (shield currently unavailable)
rNeg    . . .      Spirit   .    b - +0 robe
rPois   .          Reflect  .    c - +0 hat
rElec   .          Harm     .    (no cloak)
rCorr   .          Rampage  .    (gloves unavailable)
Will    +....      NoTele   +    (boots unavailable)
Stlth   ++                       (no amulet)
HPRegen 0.34/turn                r - +3 ring of dexterity
MPRegen 0.15/turn                s - +3 ring of dexterity

@: very slow
A: large, unfitting armour, tough skin 1
a: Renounce Religion, Bend Time, Temporal Distortion, Slouch, Step From Time


You were in the Dungeon.
You worshipped Cheibriados.
Cheibriados was exalted by your worship.
You visited 1 branch

Inventory:

Hand Weapons
 a - a +0 flail
 h - a +2 heavy dire flail (weapon)
 o - a +1 heavy flail
 p - a +0 giant club
 v - a +1 broad axe of freezing
Missiles
 d - 3 throwing nets (quivered)
 e - a large rock
 q - 5 poisoned darts
Armour
 b - a +0 robe (worn)
 c - a +0 hat (worn)
Jewellery
 r - a +3 ring of dexterity (left hand)
 s - a +3 ring of dexterity (right hand)
Scrolls
 k - a scroll of blinking
 m - 5 scrolls of amnesia
 n - a scroll of butterflies
Potions
 f - 8 potions of curing
 g - 8 potions of heal wounds
 i - 4 potions of magic
 j - 2 potions of berserk rage
 l - 2 potions of invisibility
 t - a potion of might
 u - 2 potions of mutation


   Skills:
 - Level 2.6 Fighting
 * Level 20.3 Maces & Flails
 - Level 2.0 Throwing
 - Level 2.6 Dodging
 - Level 10.1 Invocations


You had 9 spell levels left.
You didn't know any spells.
Your spell library was empty.

Dungeon Overview and Level Annotations

Branches:
Dungeon (1/1)

Altars:
Ashenzari
Cheibriados
Dithmenos
Elyvilon
Fedhas
Gozag
Hepliaklqana
Kikubaaqudgha
Makhleb
Nemelex Xobeh
Okawaru
Qazlal
Ru
Sif Muna
Trog
Uskayaw
Vehumet
Wu Jian
Xom
Yredelemnul
Zin
The Shining One
Jiyva
Lugonu


Innate Abilities, Weirdness & Mutations

You are too large for most types of armour.
You have tough skin. (AC +1)


Message History

Cheibriados thoroughly appreciates the change of pace.
You kill the dream sheep!
Cheibriados appreciates the change of pace.
Your Maces & Flails skill increases to level 19!
Unknown command.
Unknown command.
Activating: Slouch (1% risk of failure)
Press: ? - help, Dir - look around, f - activate You can feel time thicken for a moment.
You kill the polar bear!
Cheibriados appreciates the change of pace.
The cyclops throws a large rock.
The large rock hits you!!!
Ouch! That really hurt!
The eight-headed hydra roars!
Your Maces & Flails skill increases to level 20!
Unknown command.
You feel much better.
You feel yourself speed up.
You flatten the cyclops like a pancake!!!
You kill the cyclops!
Cheibriados thoroughly appreciates the change of pace.
Unknown command.
You barely miss the eight-headed hydra.
The eight-headed hydra is severely wounded.
The eight-headed hydra closely misses you. x2
The eight-headed hydra bites you! The eight-headed hydra misses you.
The eight-headed hydra bites you!
The eight-headed hydra barely misses you.
The eight-headed hydra bites you!
The eight-headed hydra completely misses you.
Unknown command.
You hit the eight-headed hydra.
The eight-headed hydra is severely wounded.
The eight-headed hydra bites you!
* * * LOW HITPOINT WARNING * * *
The eight-headed hydra bites you!
* * * LOW HITPOINT WARNING * * *
The eight-headed hydra completely misses you.
The eight-headed hydra bites you.
You die...

))#####'#####''######
))##.......##')#
.)##.......##).#
[[##.......##†.# #
'###...<...##).# .##
..##.......##..# ...#
..##.......##.†## .....
####.......##.)†##......
.. ##########.).@D.†....
.############...##......
)#....#!.[[##..## .....
÷#..).#..[[##..# ...#
.).).)'..))##..# .##
÷#....#..).##..# #
.#....#...)##..#
################


You could see an eight-headed hydra.

Vanquished Creatures
  2 lindwurms (D)
  A cyclops (D)
  A komodo dragon (D)
  A polar bear (D)
  A hornet (D)
  11 dream sheep (D)
  A fire bat (D)
  A water moccasin (D)
  An orc warrior (D)
  A wolf (D)
  An ogre (D)
  2 kobold brigands (D)
  A bullfrog (D)
  A necrophage (D)
  3 orc priests (D)
  An orc wizard (D)
  An adder (D)
  3 gnolls (D)
  A river rat (D)
  A white imp (D)
  4 orcs (D)
  2 endoplasms (D)
  A kobold (D)
  A quokka (D)
  A ball python (D)
  A frilled lizard (D)
  2 rats (D)
48 creatures vanquished.

Notes
Turn   | Place    | Note
-------+----------+-------------------------------------------
     0 | D        | rocky1 the Ogre Gladiator began the quest for the Orb.
     0 | D        | Reached XP level 1. HP: 22/22 MP: 1/1
    17 | D        | Reached skill level 4 in Maces & Flails
    17 | D        | Reached XP level 2. HP: 14/29 MP: 2/2
   100 | D        | Found a bloodstained altar of Trog.
   100 | D        | Found a shimmering blue altar of Sif Muna.
   100 | D        | Found a viscous altar of Jiyva.
   100 | D        | Found a hazy altar of Hepliaklqana.
   100 | D        | Found an opulent altar of Gozag.
   101 | D        | Found a glowing golden altar of the Shining One.
   101 | D        | Found a glowing silver altar of Zin.
   101 | D        | Found a basalt altar of Yredelemnul.
   101 | D        | Found a shimmering altar of Xom.
   101 | D        | Found an ornate altar of the Wu Jian Council.
   101 | D        | Found a sacrificial altar of Ru.
   101 | D        | Found a stormy altar of Qazlal.
   101 | D        | Found an iron altar of Okawaru.
   101 | D        | Found a sparkling altar of Nemelex Xobeh.
   101 | D        | Found a burning altar of Makhleb.
   101 | D        | Found a blossoming altar of Fedhas.
   101 | D        | Found a white marble altar of Elyvilon.
   101 | D        | Found a shadowy altar of Dithmenos.
   101 | D        | Found a snail-covered altar of Cheibriados.
   104 | D        | Found a corrupted altar of Lugonu.
   104 | D        | Found a radiant altar of Vehumet.
   105 | D        | Found an ancient bone altar of Kikubaaqudgha.
   105 | D        | Found a hide-covered altar of Uskayaw.
   105 | D        | Found a broken altar of Ashenzari.
   114 | D        | Became a worshipper of Cheibriados the Contemplative
   136 | D        | Reached * piety under Cheibriados
   172 | D        | Reached skill level 5 in Maces & Flails
   172 | D        | Reached skill level 1 in Invocations
   177 | D        | Reached ** piety under Cheibriados
   178 | D        | Reached XP level 3. HP: 9/36 MP: 2/4
   392 | D        | Reached skill level 6 in Maces & Flails
   393 | D        | Reached *** piety under Cheibriados
   546 | D        | Noticed a kobold brigand
   557 | D        | Killed a kobold brigand
   558 | D        | Reached skill level 7 in Maces & Flails
   558 | D        | Reached XP level 4. HP: 5/44 MP: 5/7
   560 | D        | Noticed an ogre
   564 | D        | Reached skill level 5 in Invocations
   564 | D        | Reached XP level 5. HP: 12/50 MP: 5/8
   565 | D        | Reached **** piety under Cheibriados
   566 | D        | Reached skill level 8 in Maces & Flails
   567 | D        | Killed an ogre
   568 | D        | Reached skill level 9 in Maces & Flails
   698 | D        | Noticed a water moccasin
   705 | D        | Killed a water moccasin
   706 | D        | Reached skill level 10 in Maces & Flails
   706 | D        | Reached XP level 6. HP: 21/59 MP: 11/11
   896 | D        | Reached ***** piety under Cheibriados
   899 | D        | Noticed a lindwurm
   904 | D        | Killed a lindwurm
   905 | D        | Reached skill level 12 in Maces & Flails
   905 | D        | Reached skill level 10 in Invocations
   905 | D        | Reached XP level 7. HP: 37/66 MP: 11/14
   999 | D        | Reached skill level 13 in Maces & Flails
  1004 | D        | Reached XP level 8. HP: 53/74 MP: 15/15
  1203 | D        | Noticed a komodo dragon
  1205 | D        | Reached ****** piety under Cheibriados
  1206 | D        | Reached skill level 14 in Maces & Flails
  1209 | D        | Killed a komodo dragon
  1210 | D        | Reached skill level 15 in Maces & Flails
  1417 | D        | Noticed a dream sheep
  1418 | D        | Noticed a dream sheep
  1419 | D        | Noticed a dream sheep
  1419 | D        | Noticed a dream sheep
  1419 | D        | Noticed a dream sheep
  1419 | D        | Noticed a dream sheep
  1419 | D        | Noticed a lindwurm
  1422 | D        | Killed a dream sheep
  1422 | D        | Killed a dream sheep
  1422 | D        | Noticed a dream sheep
  1423 | D        | Reached skill level 16 in Maces & Flails
  1423 | D        | Reached XP level 9. HP: 65/80 MP: 10/16
  1424 | D        | Reached skill level 18 in Maces & Flails
  1424 | D        | Killed a lindwurm
  1425 | D        | Reached XP level 10. HP: 73/88 MP: 0/17
  1548 | D        | Noticed an eight-headed hydra
  1548 | D        | Noticed a cyclops
  1554 | D        | Reached skill level 19 in Maces & Flails
  1555 | D        | Reached skill level 20 in Maces & Flails
  1557 | D        | Killed a cyclops
  1560 | D        | Slain by an eight-headed hydra

Illustrated notes

Levels and vault maps discovered:
D:        pitsprint [storerooms_1, entrance_room_1, metal_vault_3, armoury_2,
          mini_pit_1, grid_room_1, main_hall_1, silver_pit, the_coven_1,
          the_vestibule_1, steel_vault_3, golden_pit, hallway_of_sentries,
          crystal_vault_4, iron_vault_2, final_vault]

Skill      XL: |  1  2  3  4  5  6  7  8  9 10 |
---------------+-------------------------------+-----
Maces & Flails | 4 5 7 10 12 13 16 18 20 | 20.3
Invocations    | 2 4 5 7 10 | 10.1
Fighting       | |  2.6
Throwing       | |  2.0
Dodging        | |  2.6

Action                     |  1- 3 |  4- 6 |  7- 9 | 10-12 || total
---------------------------+-------+-------+-------+-------++-------
  Melee: Flail             |    26 |    17 |    17 |       ||    60
         Dire flail        |       |       |       |     3 ||     3
  Throw: Throwing net      |       |     4 |       |       ||     4
 Invoke: Slouch            |       |       |     4 |     2 ||     6
    Use: Potion            |     1 |     2 |     1 |     1 ||     5
 Armour: Robe              |     8 |     3 |     1 |       ||    12
  Dodge: Dodged            |    12 |     7 |     9 |     6 ||    34

Table legend: (Time is in decaauts)
 A = Elapsed time spent in this place.
 B = Non-inter-level travel time spent in this place.
 C = Inter-level travel time spent in this place.
 D = Time resting spent in this place.
 E = Time spent auto-exploring this place.
 F = Levels seen in this place.
 G = Mean time per level.
                   A        B        C        D        E       F      G
               +--------+--------+--------+--------+--------+-----+--------+
         Total |   1754 |   1623 |    131 |   1173 |      0 |   1 | 1754.0 |
       Dungeon |   1754 |   1623 |    131 |   1173 |      0 |   1 | 1754.0 |
               +--------+--------+--------+--------+--------+-----+--------+

Top non-repeatable levels by time:
       D: 1754 daAuts
